PA
COLUMBIA RIVER RATS @ PHOENIX HOTSPUR U-21
05/09/2028
 
TOP OF THE 1ST
Columbia River Rats batting - Pitching for Phoenix Hotspur U-21 : RHP Masahiro Sakei
Pitching: RHP Masahiro Sakei
Batting: RHB Víctor Hernández 0-0: Foul Ball, location: 2F
0-1: Called Strike
0-2: Foul Ball, location: 2F
0-2: Foul Ball, location: 2F
0-2: Ball
1-2: Ball
2-2: Foul Ball, location: 2F
2-2: Strikes out swinging
Batting: RHB Michael Walters 0-0: Ball
1-0: Ball
2-0: Called Strike
2-1: Swinging Strike
2-2: Strikes out swinging
Batting: RHB Yves Girard 0-0: Swinging Strike
0-1: DOUBLE (Line Drive, 7D)
Batting: RHB Marcos Rico 0-0: Foul Ball, location: 2F
0-1: Swinging Strike
0-2: Strikes out looking
Top of the 1st over - 0 run(s), 1 hit(s), 0 error(s), 1 left on base; Columbia 0 - Phoenix 0
BOTTOM OF THE 1ST
Phoenix Hotspur U-21 batting - Pitching for Columbia River Rats : RHP José Pueblo
Pitching: RHP José Pueblo
Batting: RHB Francisco Arriagada 0-0: Ball
1-0: Ground out 1-3 (Groundball, 13S)
Batting: RHB Bill Erickson 0-0: Fly out, F8 (Flyball, 8RM)
Batting: LHB Wagaw Lukongolo 0-0: Swinging Strike
0-1: Ball
1-1: Fly out, F5 (Line Drive, 56)
Bottom of the 1st over - 0 run(s), 0 hit(s), 0 error(s), 0 left on base; Columbia 0 - Phoenix 0
TOP OF THE 2ND
Columbia River Rats batting - Pitching for Phoenix Hotspur U-21 : RHP Masahiro Sakei
Batting: RHB Asko Riikonen 0-0: Called Strike
0-1: Ball
1-1: Swinging Strike
1-2: Ball
2-2: Ground out 1-3 (Groundball, 13)
Batting: RHB Richard Blackburn 0-0: Called Strike
0-1: Fly out, F2 (Popup, 15)
Batting: RHB Don Leach 0-0: Called Strike
0-1: Swinging Strike
0-2: Ball
1-2: Fly out, F6 (Line Drive, 6)
Top of the 2nd over - 0 run(s), 0 hit(s), 0 error(s), 0 left on base; Columbia 0 - Phoenix 0
BOTTOM OF THE 2ND
Phoenix Hotspur U-21 batting - Pitching for Columbia River Rats : RHP José Pueblo
Batting: LHB Jason DeGeorge 0-0: Ball
1-0: Called Strike
1-1: Ball
2-1: Fly out, F9 (Flyball, 9)
Batting: LHB Tyler Kinjeketile 0-0: Ball
1-0: Called Strike
1-1: Ball
2-1: Swinging Strike
2-2: Fly out, F9 (Line Drive, 9)
Now in RF: Fernando Huerta
Batting: RHB Solomon Norment 0-0: Ball
1-0: Ball
2-0: Ball
3-0: Called Strike
3-1: Base on Balls
Batting: RHB Braylen Sampson 0-0: Ball
1-0: Foul Ball, location: 2F
1-1: Swinging Strike
1-2: Ball
2-2: Strikes out swinging
Bottom of the 2nd over - 0 run(s), 0 hit(s), 0 error(s), 1 left on base; Columbia 0 - Phoenix 0
TOP OF THE 3RD
Columbia River Rats batting - Pitching for Phoenix Hotspur U-21 : RHP Masahiro Sakei
Batting: RHB Fernando Arévalo 0-0: Swinging Strike
0-1: Fly out, F8 (Flyball, 78XD)
Batting: RHB Miguel Delgado 0-0: Called Strike
0-1: Foul Ball, location: 2F
0-2: Strikes out looking
Batting: RHB Víctor Hernández 0-0: Fly out, F8 (Flyball, 8LM)
Top of the 3rd over - 0 run(s), 0 hit(s), 0 error(s), 0 left on base; Columbia 0 - Phoenix 0
BOTTOM OF THE 3RD
Phoenix Hotspur U-21 batting - Pitching for Columbia River Rats : RHP José Pueblo
Batting: RHB Jim Justice 0-0: Fly out, F4 (Popup, 34D)
Batting: RHB Bill Poole 0-0: Called Strike
0-1: Fly out, F7 (Flyball, 7)
Batting: RHB Francisco Arriagada 0-0: Ball
1-0: Called Strike
1-1: Called Strike
1-2: Ball
2-2: Ground out 6-3 (Groundball, 6M)
Bottom of the 3rd over - 0 run(s), 0 hit(s), 0 error(s), 0 left on base; Columbia 0 - Phoenix 0
TOP OF THE 4TH
Columbia River Rats batting - Pitching for Phoenix Hotspur U-21 : RHP Masahiro Sakei
Batting: RHB Michael Walters 0-0: Called Strike
0-1: Ball
1-1: SINGLE (Flyball, 7LS)
Batting: RHB Yves Girard 0-0: Ball
1-0: Ball
2-0: Called Strike
2-1: Fly out, F7 (Line Drive, 7S)
Batting: RHB Fernando Huerta 0-0: Called Strike
0-1: Ball
1-1: Ball
2-1: Foul Ball, location: 2F
2-2: SINGLE (Line Drive, 7S)
Michael Walters to second
Batting: RHB Asko Riikonen 0-0: Foul Ball, location: 2F
0-1: Swinging Strike
0-2: Foul Ball, location: 2F
0-2: Ball
1-2: Ball
2-2: Grounds into double play, 1-4-3 (Groundball, 15)
Top of the 4th over - 0 run(s), 2 hit(s), 0 error(s), 1 left on base; Columbia 0 - Phoenix 0
BOTTOM OF THE 4TH
Phoenix Hotspur U-21 batting - Pitching for Columbia River Rats : RHP José Pueblo
Batting: RHB Bill Erickson 0-0: Ball
1-0: SINGLE (Line Drive, 4D)
Batting: LHB Wagaw Lukongolo 0-0: Called Strike
0-1: Ball
Wild Pitch!
Bill Erickson to second
1-1: Swinging Strike
1-2: Foul Ball, location: 2F
1-2: Strikes out swinging
Batting: LHB Jason DeGeorge 0-0: Ball
1-0: Called Strike
1-1: Swinging Strike
1-2: Ground out 4-3 (Groundball, 34)
Bill Erickson to third
Batting: LHB Tyler Kinjeketile 0-0: Ball
Wild Pitch!
Bill Erickson scores
1-0: Ball
2-0: Ball
3-0: Called Strike
3-1: Ground out 1-4-3 (Groundball, 15S)
Bottom of the 4th over - 1 run(s), 1 hit(s), 0 error(s), 0 left on base; Columbia 0 - Phoenix 1
TOP OF THE 5TH
Columbia River Rats batting - Pitching for Phoenix Hotspur U-21 : RHP Masahiro Sakei
Batting: RHB Richard Blackburn 0-0: Ball
1-0: Foul Ball, location: 2F
1-1: Swinging Strike
1-2: Ball
2-2: Fly out, F8 (Flyball, 8LD)
Batting: RHB Don Leach 0-0: Called Strike
0-1: Ball
1-1: SINGLE (Flyball, 9)
Batting: RHB Fernando Arévalo 0-0: Foul Ball, location: 2F
0-1: Swinging Strike
0-2: Strikes out swinging
Batting: RHB Miguel Delgado 0-0: Foul Ball, location: 2F
0-1: Called Strike
0-2: Ball
1-2: Strikes out looking
Top of the 5th over - 0 run(s), 1 hit(s), 0 error(s), 1 left on base; Columbia 0 - Phoenix 1
BOTTOM OF THE 5TH
Phoenix Hotspur U-21 batting - Pitching for Columbia River Rats : RHP José Pueblo
Batting: RHB Solomon Norment 0-0: Ball
1-0: Foul Ball, location: 2F
1-1: Ball
2-1: Foul Ball, location: 2F
2-2: Ball
3-2: SINGLE (Line Drive, 9LS)
Batting: RHB Braylen Sampson 0-0: Called Strike
0-1: Foul Ball, location: 2F
0-2: Ball
Solomon Norment steals 2nd base
1-2: Ball
2-2: Fly out, F5 (Popup, 56D)
Batting: RHB Jim Justice 0-0: Swinging Strike
0-1: Ball
1-1: Foul Ball, location: 2F
1-2: Strikes out swinging
Pitching: RHP Toshiharu Kuhabara
Batting: RHB Bill Poole 0-0: Ball
1-0: Fly out, F9 (Flyball, 89M)
Bottom of the 5th over - 0 run(s), 1 hit(s), 0 error(s), 1 left on base; Columbia 0 - Phoenix 1
TOP OF THE 6TH
Columbia River Rats batting - Pitching for Phoenix Hotspur U-21 : RHP Masahiro Sakei
Batting: RHB Víctor Hernández 0-0: Swinging Strike
0-1: Foul Ball, location: 2F
0-2: Strikes out swinging
Batting: RHB Michael Walters 0-0: Called Strike
0-1: Ball
1-1: Ball
2-1: Ball
3-1: Called Strike
3-2: Foul Ball, location: 2F
3-2: Strikes out swinging
Batting: RHB Yves Girard 0-0: Called Strike
0-1: Ball
1-1: Ball
2-1: Foul Ball, location: 2F
2-2: Reached on error, E6 (Groundball, 6)
Batting: RHB Fernando Huerta 0-0: Called Strike
0-1: Ball
Yves Girard is caught stealing 2nd base
Top of the 6th over - 0 run(s), 0 hit(s), 1 error(s), 0 left on base; Columbia 0 - Phoenix 1
BOTTOM OF THE 6TH
Phoenix Hotspur U-21 batting - Pitching for Columbia River Rats : RHP Toshiharu Kuhabara
Batting: RHB Francisco Arriagada 0-0: Foul Ball, location: 2F
0-1: Called Strike
0-2: Strikes out looking
Batting: RHB Bill Erickson 0-0: Ball
1-0: Foul Ball, location: 2F
1-1: Swinging Strike
1-2: Ball
2-2: Strikes out swinging
Batting: LHB Wagaw Lukongolo 0-0: Ball
1-0: Ball
2-0: Foul Ball, location: 2F
2-1: Swinging Strike
2-2: Foul Ball, location: 2F
2-2: Strikes out swinging
Bottom of the 6th over - 0 run(s), 0 hit(s), 0 error(s), 0 left on base; Columbia 0 - Phoenix 1
TOP OF THE 7TH
Columbia River Rats batting - Pitching for Phoenix Hotspur U-21 : RHP Masahiro Sakei
Now at 2B: Dale Everest
Now at 3B: Greg Billingsley
Batting: RHB Fernando Huerta 0-0: Ball
1-0: Foul Ball, location: 2F
1-1: Called Strike
1-2: Ball
2-2: Strikes out looking
Batting: RHB Asko Riikonen 0-0: Fly out, F8 (Flyball, 8LD)
Batting: RHB Richard Blackburn 0-0: Ball
1-0: Called Strike
1-1: Ball
2-1: Foul Ball, location: 2F
2-2: Reached on error, E4 (Groundball, 4)
Pinch Hitting: SHB Robert Hillier 0-0: Ball
Richard Blackburn is caught stealing 2nd base
Top of the 7th over - 0 run(s), 0 hit(s), 1 error(s), 0 left on base; Columbia 0 - Phoenix 1
BOTTOM OF THE 7TH
Phoenix Hotspur U-21 batting - Pitching for Columbia River Rats : RHP Toshiharu Kuhabara
Now at 1B: Robert Hillier
Batting: LHB Jason DeGeorge 0-0: Ball
1-0: Called Strike
1-1: Called Strike
1-2: Strikes out looking
Batting: LHB Tyler Kinjeketile 0-0: Foul Ball, location: 2F
0-1: Ball
1-1: DOUBLE (Line Drive, 9LM)
Batting: RHB Solomon Norment 0-0: Intentional Walk
Pitching: RHP Jim Eisenmenger
Pinch Hitting: RHB Jim Unknown 0-0: Swinging Strike
0-1: Ball
1-1: Foul Ball, location: 2F
1-2: Ball
2-2: Grounds into double play, 6-4-3 (Groundball, 56)
Bottom of the 7th over - 0 run(s), 1 hit(s), 0 error(s), 1 left on base; Columbia 0 - Phoenix 1
TOP OF THE 8TH
Columbia River Rats batting - Pitching for Phoenix Hotspur U-21 : RHP Masahiro Sakei
Now at 1B: Huey Wood
Now in RF: Jeremias Nabais
Batting: SHB Robert Hillier 0-0: Ball
1-0: Called Strike
1-1: Foul Ball, location: 2F
1-2: DOUBLE (Line Drive, 9LM)
Pinch Hitting: RHB José Valéncia 0-0: Called Strike
0-1: Ground out 6-3 (Groundball, 6)
Batting: RHB Miguel Delgado 0-0: Called Strike
0-1: Ball
1-1: Swinging Strike
1-2: Fly out, F9 (Flyball, 89M)
Batting: RHB Víctor Hernández 0-0: SINGLE (Groundball, 56D)
Robert Hillier to third
Runner from 3rd tries for Home, SAFE, no throw
Batting: RHB Michael Walters 0-0: Ball
Balk!
Víctor Hernández to second
1-0: Intentional Walk
Pinch Hitting: RHB Ken Barrett 0-0: Ball
1-0: Called Strike
1-1: Swinging Strike
1-2: Strikes out swinging
Top of the 8th over - 1 run(s), 2 hit(s), 0 error(s), 2 left on base; Columbia 1 - Phoenix 1
BOTTOM OF THE 8TH
Phoenix Hotspur U-21 batting - Pitching for Columbia River Rats : RHP Jim Eisenmenger
Now at 3B: Gil Simmons
Now in RF: Ken Barrett
Batting: RHB Jim Justice 0-0: Foul Ball, location: 2F
0-1: Ball
1-1: Foul Ball, location: 2F
1-2: Strikes out swinging
Batting: RHB Bill Poole 0-0: Called Strike
0-1: Ball
1-1: Swinging Strike
1-2: Foul Ball, location: 2F
1-2: Foul Ball, location: 2F
1-2: Foul Ball, location: 2F
1-2: Ball
2-2: Foul Ball, location: 2F
2-2: SINGLE (Flyball, 9LS)
Batting: RHB Greg Billingsley 0-0: Foul Ball, location: 2F
0-1: Ball
1-1: Called Strike
1-2: Foul Ball, location: 2F
1-2: Ball
2-2: Strikes out looking
Batting: RHB Dale Everest 0-0: Ball
1-0: Called Strike
1-1: SINGLE (Line Drive, 34D)
Bill Poole to second
Batting: LHB Wagaw Lukongolo 0-0: SINGLE (Groundball, 5D)
Bill Poole to third
Dale Everest to second
Runner from 3rd tries for Home, SAFE, throw made home
Dale Everest to third
Wagaw Lukongolo to second
Batting: LHB Jason DeGeorge 0-0: Ball
1-0: Foul Ball, location: 2F
1-1: Swinging Strike
1-2: Ball
2-2: Strikes out looking
Bottom of the 8th over - 1 run(s), 3 hit(s), 0 error(s), 2 left on base; Columbia 1 - Phoenix 2
TOP OF THE 9TH
Columbia River Rats batting - Pitching for Phoenix Hotspur U-21 : RHP Masahiro Sakei
Pitching: RHP Leon von Stroheim
Pinch Hitting: LHB Lucas Ruts 0-0: SINGLE (Groundball, 4MD)
Pinch Runner at 1st Jordan Westacott:
Batting: RHB Asko Riikonen 0-0: Ball
1-0: Called Strike
1-1: Ball
2-1: Called Strike
2-2: Foul Ball, location: 2F
2-2: Ground out U3 (Groundball, 3)
Jordan Westacott to second
Batting: RHB Richard Blackburn 0-0: Called Strike
0-1: Ground out 6-3 (Groundball, 6)
Batting: SHB Robert Hillier 0-0: Called Strike
0-1: Swinging Strike
0-2: Ball
1-2: Strikes out swinging
Top of the 9th over - 0 run(s), 1 hit(s), 0 error(s), 1 left on base; Columbia 1 - Phoenix 2
Monday, July 10th, 2017 - OOTP Baseball 17.12 Build 75